 Dungeon Crawl Stone Soup version 0.31-a0-174-g85c54bcb58 (webtiles) character file.

Game seed: 4008802436733565825

4918 Sjablonen the Covert (level 10, -5/82 HPs)
             Began as a Demonspawn Fire Elementalist on June 15, 2023.
             Was a Follower of Sif Muna.
             Shot with an arrow by a centaur warrior (11 damage)
             ... on level 8 of the Dungeon on June 16, 2023.
             The game lasted 00:43:27 (9719 turns).

Sjablonen the Covert (Demonspawn Fire Elementalist) Turns: 9719, Time: 00:43:27

Health: -5/82      AC: 11    Str: 13    XL:     10   Next: 27%
Magic:  17/22      EV: 12    Int: 20    God:    Sif Muna [*.....]
Gold:   473        SH:  5    Dex: 19    Spells: 8/13 levels left

rFire   . . .        C - +0 trident "Zoatriw" {venom, MP+9 Str+3}
rCold   . . .        (no shield)
rNeg    . . .        a - +1 robe
rPois   .            (no helmet)
rElec   .            h - +2 cloak
rCorr   .            (no gloves)
SInv    .            D - +2 pair of boots
Will    .....        A - amulet of reflection
Stlth   +++++        v - +6 ring of dexterity
HPRegen 0.33/turn    (no ring)
MPRegen 0.18/turn

%: reflection
@: no status effects
A: claws 2, rugged brown scales 2, demonic guardian 2, robust 1, demonic magic 2
a: Renounce Religion, Channel Magic


You were on level 8 of the Dungeon.
You worshipped Sif Muna.
Sif Muna was aware of your devotion.
You visited 2 branches of the dungeon, and saw 9 of its levels.

You collected 473 gold pieces.

Inventory:

Hand Weapons
 c - a +4 dagger
 C - the +0 trident "Zoatriw" (weapon) {venom, MP+9 Str+3}
   (You found it on level 6 of the Dungeon)

   Str:       It affects your strength (+3).
   MP:        It affects your magic capacity (+9).
Armour
 a - a +1 robe (worn)
 h - a +2 cloak (worn)
 D - a +2 pair of boots (worn)
Jewellery
 v - a +6 ring of dexterity (left claw)
 A - an amulet of reflection (around neck)
Wands
 e - a wand of flame (3)
 s - a wand of mindburst (7)
Scrolls
 f - a scroll of enchant armour
 i - 5 scrolls of teleportation
 j - a scroll of enchant weapon {unknown}
 l - a scroll of summoning {unknown}
 m - 3 scrolls of immolation
 p - a scroll of fog {unknown}
 r - a scroll of blinking {unknown}
 u - 2 scrolls of fear {unknown}
 w - a scroll of noise {unknown}
 y - 3 scrolls of amnesia {unknown}
Potions
 b - a potion of magic
 d - 2 potions of mutation
 g - 4 potions of curing
 k - a potion of cancellation {unknown}
 o - 3 potions of brilliance
 q - a potion of might {unknown}
 t - 2 potions of haste
 B - a potion of degeneration {unknown}
 E - a potion of berserk rage {unknown}


   Skills:
 + Level 4.2 Fighting
 - Level 2.0 Dodging
 - Level 11.2 Stealth
 + Level 2.0 Spellcasting
 - Level 2.0 Conjurations
 + Level 9.0 Fire Magic


You had 8 spell levels left.
You knew the following spells:

 Your Spells              Type           Power      Damage    Failure   Level
a - Foxfire               Conj/Fire      96%        2x1d8     1%          1
b - Flame Wave            Conj/Fire      24%        2d8       16%         4

Your spell library contained the following spells:

 Spells                   Type           Power      Damage    Failure   Level
 Scorch                   Fire           76%        2d8       1%          2
 Magic Dart               Conj           40%        1d5       7%          1
 Inner Flame              Hex/Fire       20%        N/A       8%          3
 Volatile Blastmotes      Fire/Tloc      40%        2d13      8%          3
 Searing Ray              Conj           20%        2d5       11%         2
 Sublimation of Blood     Necr           2%         N/A       24%         2
 Wereblood                Tmut           2%         N/A       24%         2
 Ozocubu's Armour         Ice            2%         N/A       43%         3
 Vhi's Electric Charge    Tloc/Air       4%         N/A       43%         3
 Fulminant Prism          Conj/Hex       3%         3d5       71%         4
 Manifold Assault         Tloc           2%         N/A       83%         4
 Arcjolt                  Conj/Air       3%         1d13      96%         5
 Plasma Beam              Fire/Air       10%        2x1d21    98%         6
 Metabolic Englaciation   Hex/Ice        1%         N/A       99%         5
 Dispersal                Tloc           1%         N/A       100%        6
 Simulacrum               Ice/Necr       1%         N/A       100%        6
 Summon Hydra             Summ           1%         N/A       100%        7
 Disjunction              Tloc           1%         N/A       100%        8


Dungeon Overview and Level Annotations

Branches:
Dungeon (8/15)             Temple (1/1) D:6
   Lair: D:8-11

Altars:
Ashenzari
Cheibriados
Dithmenos
Fedhas
Gozag
Hepliaklqana
Kikubaaqudgha
Makhleb
Nemelex Xobeh
Okawaru
Qazlal
Sif Muna
Trog
Uskayaw
Vehumet
Wu Jian
Xom
Yredelemnul


Innate Abilities, Weirdness & Mutations

You have very sharp fingernails.
You are mostly covered in rugged brown scales. (AC +2, +5% HP)
A demonic guardian rushes to your aid.
You are robust. (+10% HP)
Spells you cast may paralyse nearby enemies.


Message History

You hear an angry buzzing noise.
You close the door.
You are too injured to fight recklessly!
Casting: Foxfire (safe; 1% risk of failure)
Press: ? - help, Q - select action, (/) - cycle Dir - look around, f - activate You conjure some foxfire!
Malevolent energies surge around you.
The centaur warrior shoots an arrow.
The arrow hits your ice devil!!
Your ice devil dies!
Your ice devil disappears in a puff of smoke!
Casting: Foxfire (safe; 1% risk of failure)
Press: ? - help, Q - select action, (/) - cycle Dir - look around, f - activate You conjure some foxfire!
Malevolent energies surge around you.
Your foxfire dissipates!
Casting: Foxfire (safe; 1% risk of failure)
Press: ? - help, Q - select action, (/) - cycle Dir - look around, f - activate You conjure some foxfire!
Malevolent energies surge around you.
The centaur warrior shoots an arrow.
The arrow hits you!
* * * LOW HITPOINT WARNING * * *
Casting: Foxfire (safe; 1% risk of failure)
Press: ? - help, Q - select action, (/) - cycle Dir - look around, f - activate
Okay, then.
Reach: C) +0 trident "Zoatriw" {venom, MP+9 Str+3}
Press: ? - help, Dir - move target, f - centaur warrior
Aim: a centaur warrior, wielding a +0 orcbow (ally target, about 31% to evade the +0 trident "Zoatriw")
You reach to attack!
You barely miss the centaur warrior.
Your foxfire dissipates!
The foxfire hits the centaur warrior.
The centaur warrior is lightly wounded.
Your foxfire dissipates!
The centaur warrior shoots an arrow.
The arrow hits you!
* * * LOW HITPOINT WARNING * * *
A demonic guardian appears!
The centaur warrior shoots an arrow.
The arrow closely misses you.
You feel much better.
The centaur warrior shoots an arrow.
The arrow hits you!
* * * LOW HITPOINT WARNING * * *
Casting: Foxfire (safe; 1% risk of failure)
Press: ? - help, Q - select action, (/) - cycle Dir - look around, f - activate You conjure some foxfire!
Malevolent energies surge around you.
The centaur warrior shoots an arrow.
The arrow hits you!
You die...

..+###.......#....#..........#...
##..###.....'....#..........#...
##+.##.###...#...##+##########...
..#.#.#..###...###............###
#.#.###....###...#............#
#.#..........'...#............#
.##.###CB..###..3#............#
###.#.#..####'.vv#............#
..#.##.####..#).@#............#
#.#..####....#c#+#............#
#.+####..#####..4#......#######
..###.......!#...#......#
##'..#########...#......#
.####...(...)#c..#......#
....###..#####...#......#
......###....#..c#......#
........###..#...'......#


You could see a centaur warrior (ally target) and a friendly sixfirhy
(summoned).

Vanquished Creatures
  Pikel (D:7)
  A hornet (D:8)
  Prince Ribbit (D:6)
  The ghost of paps the Sneak, an amateur OpSu (D:5)
  Duvessa (D:4)
  2 water moccasins
  A black bear (D:5)
  2 sky beasts (D:8)
  An ogre (D:5)
  2 centaurs
  2 phantoms (D:5)
  A kobold brigand (D:8)
  A scorpion (D:4)
  6 wights
  Dowan (D:4)
  An electric eel (D:6)
  3 hounds
  2 jellies
  Crazy Yiuf (D:2)
  5 orc priests
  A sleepcap (D:7)
  3 iguanas
  5 orc wizards
  Robin (D:2)
  4 gnolls (D:2)
  2 adders
  A shadow imp (D:8)
  4 worms
  4 dart slugs
  28 orcs
  8 ball pythons
  16 endoplasms
  4 giant cockroaches
  16 goblins
  13 hobgoblins
  4 quokkas
  3 bats
  3 frilled lizards
  7 kobolds
  4 rats
167 creatures vanquished.

Vanquished Creatures (collateral kills)
  A centaur warrior (D:8)
  A cyclops (D:8)
  A troll (D:8)
  A water moccasin (D:7)
  2 ogres
  A wight (D:7)
  A hound (D:6)
  An orc priest (D:4)
  Terence (D:2)
  A sleepcap (D:5)
  An orc wizard (D:4)
  A worm (D:5)
  2 foxfires (D:7)
15 creatures vanquished.

Vanquished Creatures (others)
  548 foxfires
548 creatures vanquished.

Grand Total: 730 creatures vanquished

Notes
Turn   | Place    | Note
-------+----------+-------------------------------------------
     0 | D:1      | Sjablonen the Demonspawn Fire Elementalist began the quest
                  | for the Orb.
     0 | D:1      | Reached XP level 1. HP: 13/13 MP: 3/3
     2 | D:1      | Noticed a demonspawn
     2 | D:1      | Noticed a spriggan
     4 | D:1      | Noticed a naga
     6 | D:1      | Noticed a ghoul
     8 | D:1      | Noticed a troll
     8 | D:1      | Noticed a merfolk
    10 | D:1      | Noticed an ogre
    10 | D:1      | Noticed a felid
    12 | D:1      | Noticed a human
    12 | D:1      | Noticed a formicid
    14 | D:1      | Noticed a vine stalker
    14 | D:1      | Noticed a vampire
    16 | D:1      | Noticed a tengu
    16 | D:1      | Noticed a demigod
    18 | D:1      | Noticed an elf
    18 | D:1      | Noticed an armataur
    20 | D:1      | Noticed a gargoyle
    20 | D:1      | Noticed an octopode
    22 | D:1      | Noticed a minotaur
    24 | D:1      | Noticed a formicid
    24 | D:1      | Noticed a meteoran
    26 | D:1      | Noticed an elf
    26 | D:1      | Noticed a naga
   242 | D:1      | Reached skill level 2 in Stealth
   288 | D:1      | Gained mutation: You are partially covered in rugged brown
                  | scales. (AC +1, +3% HP) [demonic ancestry]
   288 | D:1      | Reached XP level 2. HP: 13/19 MP: 0/5
  1283 | D:2      | Gained mutation: You are mostly covered in rugged brown
                  | scales. (AC +2, +5% HP) [demonic ancestry]
  1283 | D:2      | Reached XP level 3. HP: 19/25 MP: 3/6
  1516 | D:2      | Gained mutation: A weak demonic guardian rushes to your
                  | aid. [demonic ancestry]
  1516 | D:2      | Reached XP level 4. HP: 31/31 MP: 0/7
  1526 | D:2      | Reached skill level 3 in Stealth
  1786 | D:2      | Found a runed translucent door.
  1787 | D:2      | Noticed Crazy Yiuf
  1880 | D:2      | Noticed Robin
  2118 | D:2      | Killed Robin
  2163 | D:2      | Noticed Terence
  2240 | D:2      | Killed Terence
  2241 | D:2      | Gained mutation: You have sharp fingernails. [demonic
                  | ancestry]
  2241 | D:2      | Reached XP level 5. HP: 20/36 MP: 0/8
  2418 | D:2      | Killed Crazy Yiuf
  2720 | D:3      | Reached skill level 4 in Stealth
  2792 | D:3      | Found a faded altar of an unknown god.
  2796 | D:3      | Found a sparkling altar of Nemelex Xobeh.
  2916 | D:3      | Gained mutation: Spells you cast may paralyse adjacent
                  | enemies. [demonic ancestry]
  2916 | D:3      | Reached XP level 6. HP: 43/43 MP: 7/9
  4004 | D:4      | Reached skill level 5 in Fire Magic
  4119 | D:4      | Reached skill level 5 in Stealth
  4256 | D:4      | Gained mutation: A demonic guardian rushes to your aid.
                  | [demonic ancestry]
  4256 | D:4      | Reached XP level 7. HP: 48/48 MP: 6/10
  4437 | D:4      | Noticed Duvessa
  4439 | D:4      | Noticed Dowan
  4450 | D:4      | Killed Duvessa
  4454 | D:4      | Killed Dowan
  4561 | D:5      | Entered Level 5 of the Dungeon
  4613 | D:5      | Reached skill level 6 in Stealth
  4712 | D:5      | Gained mutation: Spells you cast may paralyse nearby
                  | enemies. [demonic ancestry]
  4712 | D:5      | Reached XP level 8. HP: 38/54 MP: 4/11
  4877 | D:5      | HP: 1/54 [ogre/+0 giant club (26)]
  4881 | D:5      | Reached skill level 7 in Stealth
  5149 | D:5      | Noticed paps's ghost (amateur OpSu)
  5155 | D:5      | Found a runed translucent gate.
  5155 | D:5      | Found a runed translucent gate.
  5155 | D:5      | Found a runed translucent gate.
  5675 | D:6      | Noticed a troll
  5696 | D:6      | Noticed Prince Ribbit
  5710 | D:6      | Killed Prince Ribbit
  5747 | D:6      | Found a shimmering altar of Xom.
  5782 | D:6      | Found a staircase to the Ecumenical Temple.
  5831 | Temple   | Entered the Ecumenical Temple
  6160 | Temple   | Became a worshipper of Sif Muna the Loreminder
  6392 | D:6      | Found an ornate altar of the Wu Jian Council.
  6402 | D:6      | Reached skill level 8 in Stealth
  6580 | D:6      | Identified the +0 trident "Zoatriw" {venom, MP+9 Str+3}
  7080 | D:7      | Noticed Pikel
  7112 | D:7      | Killed Pikel
  7113 | D:7      | Gained mutation: You have very sharp fingernails. [demonic
                  | ancestry]
  7113 | D:7      | Reached XP level 9. HP: 23/59 MP: 1/12
  7778 | D:5      | Killed paps's ghost
  7779 | D:5      | Reached skill level 9 in Stealth
  8168 | D:7      | Found a basalt altar of Yredelemnul.
  8322 | D:7      | Found a radiant altar of Vehumet.
  8648 | D:8      | Reached skill level 10 in Stealth
  8845 | D:8      | Paralysed by a hornet for 2 turns
  8951 | D:8      | Noticed a boulder beetle
  8990 | D:8      | Noticed a cyclops
  8994 | D:8      | Noticed a six-headed hydra
  8994 | D:8      | Noticed a centaur warrior
  8994 | D:8      | Noticed a centaur warrior
  8994 | D:8      | Noticed an efreet
  9053 | D:8      | Learned a level 4 spell: Flame Wave
  9222 | D:8      | Reached * piety under Sif Muna
  9353 | D:8      | Killed a cyclops
  9354 | D:8      | Reached skill level 11 in Stealth
  9354 | D:8      | Gained mutation: You are robust. (+10% HP) [demonic
                  | ancestry]
  9354 | D:8      | Reached XP level 10. HP: 44/72 MP: 13/13
  9702 | D:8      | Killed a centaur warrior
  9719 | D:8      | Shot with an arrow by a centaur warrior

Illustrated notes

Levels and vault maps discovered:
D:1:      kb_arrival_jail, layout_loops_ring
D:2:      layout_rooms, uniq_terence, uniq_crazy_yiuf_cottage, uniq_robin
D:3:      layout_basic, nicolae_overflow_ecumenical_swirl
D:4:      layout_rooms, nicolae_wormholes, uniq_duvessa
D:5:      layout_basic, gammafunk_ghost_split, minmay_misc_feat_tiny
D:6:      layout_gridville, mainiacjoe_overflow_catch_the_wave,
          minmay_temple_entry_hall, minivault_26, minmay_holes,
          uniq_prince_ribbit1
D:7:      layout_basic, mainiacjoe_overflow_boulevard, nicolae_vehumet_radiance,
          uniq_pikel
D:8:      minmay_the_grid_triangle_9x9_rhombus_thin
          [minmay_the_grid_triangle_9x9_longest,
          minmay_the_grid_triangle_9x9_prize_insulated,
          minmay_the_grid_triangle_9x9_wacky_v,
          minmay_the_grid_triangle_9x9_warning], layout_gridville,
          amcnicky_mini_pool_small
Temple:   minmay_temple_bridge_d

Skill      XL: |  1  2  3  4  5  6  7  8  9 10 |
---------------+-------------------------------+-----
Dodging        | 2 |  2.0
Stealth        | 2 3 4 5 6 8 11 | 11.2
Fire Magic     | 3 4 5 6 8 9 |  9.0
Conjurations   | 2 |  2.0
Fighting       | 4 |  4.2
Spellcasting   | |  2.0

Action                     |  1- 3 |  4- 6 |  7- 9 | 10-12 || total
---------------------------+-------+-------+-------+-------++-------
  Melee: Dagger            |    72 |    84 |    86 |       ||   242
         Unarmed           |     6 |       |       |       ||     6
         Punch             |       |     1 |     2 |       ||     3
         Trident           |       |       |    62 |    13 ||    75
   Cast: Foxfire           |    64 |   123 |   180 |    16 ||   383
    Use: Scroll            |       |     3 |     7 |       ||    10
         Potion            |       |       |     1 |     1 ||     2
   Stab: Sleeping          |     1 |     2 |     4 |     1 ||     8
         Paralysed         |       |     8 |    19 |     5 ||    32
 Armour: Robe              |    16 |    35 |    73 |    16 ||   140
  Dodge: Dodged            |    71 |    60 |    86 |    14 ||   231
  Block: Other             |       |       |     1 |     9 ||    10
         Reflection        |       |       |       |     1 ||     1

Table legend: (Time is in decaauts)
 A = Elapsed time spent in this place.
 B = Non-inter-level travel time spent in this place.
 C = Inter-level travel time spent in this place.
 D = Time resting spent in this place.
 E = Time spent auto-exploring this place.
 F = Levels seen in this place.
 G = Mean time per level.
                   A        B        C        D        E       F      G
               +--------+--------+--------+--------+--------+-----+--------+
         Total |   9733 |   8968 |    765 |    680 |   5887 |   9 | 1081.4 |
       Dungeon |   9331 |   8712 |    619 |    680 |   5642 |   8 | 1166.4 |
        Temple |    401 |    255 |    146 |      0 |    245 |   1 |  401.0 |
               +--------+--------+--------+--------+--------+-----+--------+

Top non-repeatable levels by time:
     D:1: 1334 daAuts
     D:8: 1238 daAuts
     D:5: 1211 daAuts
     D:2: 1190 daAuts
     D:3: 1130 daAuts
     D:6: 1085 daAuts
     D:4: 1074 daAuts
     D:7: 1066 daAuts
  Temple: 401 daAuts
